 Dungeon Sprint DCSS version 0.23-a0-629-gae4348f (webtiles) character file.

28308 Lanoc the Impaler (level 13, -8/114 HPs)
             Began as a Formicid Fighter on Dec 27, 2018.
             Was the Champion of Okawaru.
             Killed from afar by a shock serpent (31 damage)
             ... with a bolt of electricity
             ... in the Dungeon (Sprint IX: "|||||||||||||||||||||||||||||").
             The game lasted 00:16:34 (2960 turns).

Lanoc the Impaler (Formicid Fighter)                Turns: 2960, Time: 00:16:35

Health: -8/114     AC: 32    Str: 28    XL:     13   Next: 72%
Magic:  24/24      EV: 19    Int:  9    God:    Okawaru [******]
Gold:   1900       SH: 25    Dex: 10    Spells: 12/12 levels left

rFire    . . .     SeeInvis +   h - +2 halberd (protect)
rCold    . . .     Gourm    .   u - +2 large shield {AC+3}
rNeg     . . .     Faith    .   B - +0 shadow dragon scales
rPois    .         Spirit   .   (helmet unavailable)
rElec    .         Reflect  .   t - +0 cloak
rCorr    .         Harm     .   j - +0 pair of gloves
MR       +....                  (no boots)
Stlth    ++++......             (no amulet)
HPRegen  0.29/turn              k - +3 ring of strength
MPRegen  0.19/turn              q - +2 ring of evasion

@: heroism, protection aura
A: permanent stasis, dig shafts and tunnels, four strong arms, antennae 3
a: Dig, Heroism, Finesse, Renounce Religion


You were in the Dungeon.
You worshipped Okawaru.
Okawaru was exalted by your worship.
You were hungry.

You visited 1 branch You collected 1900 gold pieces.

Inventory:

Hand Weapons
 h - a +2 halberd of protection (weapon)
 x - the +7 hunting sling "Ugraitea" {venom, rElec rF- rC+ Str+7}
   (You found it in the Dungeon)

   It poisons the ammo it fires.
   It affects your strength (+7).
   It makes you vulnerable to fire.
   It protects you from cold.
   It insulates you from electricity.
Missiles
 b - 16 sling bullets
Armour
 j - a +0 pair of gloves (worn)
 t - a +0 cloak (worn)
 u - a +2 large shield of protection (worn)
 B - +0 shadow dragon scales (worn)
Jewellery
 k - a +3 ring of strength (left hand)
 q - a +2 ring of evasion (right hand)
Wands
 p - a wand of acid (10)
Scrolls
 a - 7 scrolls of enchant armour
 l - a scroll of fear
 n - 5 scrolls of remove curse
 o - 2 scrolls of amnesia
 r - 2 scrolls of identify
 s - a scroll of fog
Potions
 e - 5 potions of curing
 g - 7 potions of heal wounds
 i - 4 potions of magic
 m - a potion of invisibility
 F - a potion of mutation
Comestibles
 f - 12 rations


   Skills:
 + Level 14.9(19.9) Fighting
 * Level 18.1(23.1) Polearms
 + Level 14.8(19.8) Armour
 + Level 12.5(17.5) Dodging
 - Level 15.0(20.0) Shields
 + Level 15.1 Invocations


You had 12 spell levels left.
You didn't know any spells.
Your spell library was empty.

Dungeon Overview and Level Annotations

Branches:
Dungeon (1/1)

Altars:
Cheibriados
Dithmenos
Elyvilon
Fedhas
Gozag
Hepliaklqana
Kikubaaqudgha
Makhleb
Nemelex Xobeh
Okawaru
Qazlal
Ru
Sif Muna
Trog
Uskayaw
Vehumet
Wu Jian
Xom
Yredelemnul
Zin
The Shining One
Beogh
Jiyva
Lugonu

Shops:
D =(%%


Innate Abilities, Weirdness & Mutations

You cannot be hasted, slowed, berserked, paralysed or teleported.
You can dig through walls and to a lower floor.
Your four strong arms can wield two-handed weapons with a shield.
You have a pair of large antennae on your head. (SInv)


Message History

The shock serpent is severely wounded.
The shock serpent's electric aura discharges, shocking you!
The shock serpent shoots out a bolt of lightning at you!
The bolt of electricity hits you!
The shock serpent shoots out a bolt of lightning at you!
The bolt of electricity misses the shock serpent.
The bolt of electricity misses you.
You cut the shock serpent into ribbons!!!
You kill the shock serpent!
Okawaru accepts your kill.
The air sparks with electricity, shocking you!
* * * LOW HITPOINT WARNING * * *
You miss the shock serpent. You block the shock serpent's attack.
You slash the shock serpent!
The shock serpent is moderately wounded.
The shock serpent's electric aura discharges, shocking you!
* * * LOW HITPOINT WARNING * * *
The shock serpent shoots out a bolt of lightning at you!
The bolt of electricity hits you!
You die...

.▓.▓.▓.▓.▓.▓.▓.▓.▓
.▓.▓'▓.▓.▓.▓.▓.▓.▓
.▓.▓.▓.▓.▓.▓.▓.▓.▓
.▓.▓.▓.▓.▓.▓'▓.▓.▓
'▓.▓.▓.▓.▓.▓.▓.▓.▓
.▓.▓.▓)▓.▓.▓=▓.▓.▓
.▓.▓!▓[▓.▓.▓=▓.▓.▓
.▓.▓.▓.▓)▓.▓.▓.▓.▓
.▓.▓)▓.▓[▓.▓.▓.▓@▓
.▓.▓(▓.▓(▓.▓)▓.▓S▓
'▓.▓.▓.▓)▓.▓)▓.▓)▓
_▓.▓.▓.▓)▓.▓.▓.▓.▓
_▓.▓.▓.▓.▓.▓)▓.▓.▓
{
_▓.▓.▓.▓.▓.▓)▓.▓.▓
{
_▓.▓.▓.▓[▓.▓)▓.▓.▓
{
_▓.▓÷▓.▓.▓.▓)▓.▓.▓
{ {
_▓.▓.▓.▓.▓.▓)▓.▓.▓
{


You could see a shock serpent.

Vanquished Creatures
  A nagaraja (D)
  Josephine (D)
  2 ettins (D)
  Erolcha (D)
  A catoblepas (D)
  A naga warrior (D)
  An anaconda (D)
  A death knight (D)
  4 death yaks (D)
  A tengu warrior (D)
  A shock serpent (D)
  5 orc high priests (D)
  A skeletal warrior (D)
  A naga ritualist (D)
  4 orc knights (D)
  A deep elf mage (D)
  A lindwurm (D)
  4 ugly things (D)
  5 orc sorcerers (D)
  A cyclops (D)
  3 black mambas (D)
  2 spiny frogs (D)
  3 yaktaurs (D)
  A hornet (D)
  A tarantella (shapeshifter) (D)
  4 wraiths (D)
  4 yaks (D)
  A hungry ghost (D)
  A vampire mosquito (D)
  3 porcupines (D)
  2 water moccasins (D)
  9 orc warriors (D)
  2 wolves (D)
  A centaur (D)
  4 crocodiles (D)
  2 big kobolds (D)
  3 bullfrogs (D)
  2 crimson imps (D)
  4 orc priests (D)
  3 hounds (D)
  A jelly (D)
  5 orc wizards (D)
  A gnoll (D)
  2 leopard geckos (D)
  7 orcs (D)
  A giant cockroach (D)
  2 goblins (D)
  A bat (D)
  A rat (D)
114 creatures vanquished.

Vanquished Creatures (others)
  A death yak (D)
1 creature vanquished.

Grand Total: 115 creatures vanquished

Notes
Turn   | Place    | Note
-------+----------+-------------------------------------------
     0 | D        | Lanoc the Formicid Fighter began the quest for the Orb.
     0 | D        | Reached XP level 1. HP: 18/18 MP: 1/1
    25 | D        | Reached skill level 1 in Dodging
    28 | D        | Reached XP level 2. HP: 12/25 MP: 2/2
   191 | D        | Reached skill level 4 in Polearms
   191 | D        | Reached XP level 3. HP: 26/31 MP: 3/3
   196 | D        | Reached skill level 5 in Shields
   196 | D        | Reached XP level 4. HP: 23/38 MP: 4/4
   203 | D        | Reached skill level 5 in Fighting
   203 | D        | Reached skill level 5 in Polearms
   203 | D        | Reached skill level 5 in Armour
   203 | D        | Reached XP level 5. HP: 22/44 MP: 5/5
   212 | D        | Found a roughly hewn altar of Beogh.
   212 | D        | Found a snail-covered altar of Cheibriados.
   212 | D        | Found a shadowy altar of Dithmenos.
   212 | D        | Found a white marble altar of Elyvilon.
   212 | D        | Found a blossoming altar of Fedhas.
   212 | D        | Found an opulent altar of Gozag.
   213 | D        | Found a hazy altar of Hepliaklqana.
   214 | D        | Found a viscous altar of Jiyva.
   215 | D        | Found an ancient bone altar of Kikubaaqudgha.
   216 | D        | Found a corrupted altar of Lugonu.
   217 | D        | Found a burning altar of Makhleb.
   218 | D        | Found a sparkling altar of Nemelex Xobeh.
   219 | D        | Found an iron altar of Okawaru.
   220 | D        | Found a stormy altar of Qazlal.
   221 | D        | Found a sacrificial altar of Ru.
   222 | D        | Found a deep blue altar of Sif Muna.
   223 | D        | Found a bloodstained altar of Trog.
   224 | D        | Found a hide-covered altar of Uskayaw.
   225 | D        | Found a radiant altar of Vehumet.
   226 | D        | Found an ornate altar of the Wu Jian Council.
   227 | D        | Became a worshipper of Warmaster Okawaru
   228 | D        | Found a shimmering altar of Xom.
   229 | D        | Found a basalt altar of Yredelemnul.
   230 | D        | Found a glowing silver altar of Zin.
   231 | D        | Found a glowing golden altar of the Shining One.
   408 | D        | Noticed a big kobold
   408 | D        | Noticed a yak
   408 | D        | Noticed a centaur
   414 | D        | Reached skill level 1 in Invocations
   428 | D        | Reached skill level 6 in Polearms
   437 | D        | Killed a big kobold
   437 | D        | Reached XP level 6. HP: 46/52 MP: 6/8
   443 | D        | Killed a yak
   443 | D        | Reached * piety under Okawaru
   443 | D        | Reached skill level 7 in Polearms
   443 | D        | Reached XP level 7. HP: 54/59 MP: 6/10
   447 | D        | Reached skill level 8 in Polearms
   447 | D        | Reached skill level 5 in Dodging
   469 | D        | Noticed a death knight
   469 | D        | Noticed a brown ugly thing
   469 | D        | Noticed a purple ugly thing
   469 | D        | Noticed a green ugly thing
   469 | D        | Noticed a hornet
   486 | D        | Killed a death knight
   486 | D        | Reached ** piety under Okawaru
   486 | D        | Reached skill level 9 in Polearms
   486 | D        | Reached XP level 8. HP: 31/69 MP: 8/13
   497 | D        | Killed a cyan ugly thing
   497 | D        | Reached *** piety under Okawaru
   497 | D        | Reached skill level 10 in Polearms
   497 | D        | Reached XP level 9. HP: 51/76 MP: 10/14
   505 | D        | Killed a white ugly thing
   505 | D        | Reached **** piety under Okawaru
   505 | D        | Reached skill level 11 in Polearms
   505 | D        | Reached skill level 10 in Shields
   510 | D        | Killed a purple ugly thing
   515 | D        | Killed a hornet
   515 | D        | Reached ***** piety under Okawaru
   639 | D        | Noticed a spiny frog
   643 | D        | Killed a spiny frog
   643 | D        | Reached skill level 10 in Fighting
   643 | D        | Reached XP level 10. HP: 80/85 MP: 16/16
   651 | D        | Reached skill level 12 in Polearms
   655 | D        | Reached skill level 10 in Armour
   696 | D        | Noticed a lindwurm
   706 | D        | Noticed a spiny frog
   711 | D        | Killed a lindwurm
   720 | D        | Reached skill level 10 in Invocations
   736 | D        | Killed a spiny frog
   736 | D        | Reached skill level 13 in Polearms
  1029 | D        | Noticed a death yak
  1029 | D        | Noticed a death yak
  1029 | D        | Noticed a death yak
  1029 | D        | Noticed a death yak
  1029 | D        | Noticed a catoblepas
  1033 | D        | Noticed a death yak
  1048 | D        | Killed a death yak
  1055 | D        | Killed a death yak
  1055 | D        | Reached XP level 11. HP: 88/93 MP: 17/19
  1068 | D        | Killed a death yak
  1078 | D        | Killed a death yak
  1078 | D        | Reached skill level 14 in Polearms
  1136 | D        | Killed a catoblepas
  1136 | D        | Reached ****** piety under Okawaru
  1146 | D        | Killed a death yak
  1477 | D        | Noticed Josephine
  1492 | D        | Killed Josephine
  1492 | D        | Reached skill level 10 in Dodging
  1497 | D        | Received a gift from Okawaru
  1623 | D        | Noticed an orc knight
  1640 | D        | Killed an orc knight
  1640 | D        | Reached skill level 15 in Polearms
  1640 | D        | Reached XP level 12. HP: 89/103 MP: 21/21
  1838 | D        | Found Naatiocs's Jewellery Emporium.
  1838 | D        | Noticed an orc high priest
  1838 | D        | Noticed an orc high priest
  1842 | D        | Noticed an orc high priest
  1859 | D        | Killed an orc high priest
  1863 | D        | Noticed a sixfirhy
  1869 | D        | Killed an orc high priest
  1879 | D        | Killed an orc high priest
  1891 | D        | Reached skill level 16 in Polearms
  1892 | D        | Found Heatag's Antique Weapon Shoppe.
  1907 | D        | Found Myza's Food Emporium.
  1911 | D        | Found Fyshudown's Food Shoppe.
  2177 | D        | Noticed an orc high priest
  2178 | D        | Noticed an orc high priest
  2185 | D        | Killed an orc high priest
  2194 | D        | Killed an orc high priest
  2194 | D        | Received a gift from Okawaru
  2203 | D        | Noticed a sixfirhy
  2215 | D        | Got an ebony halberd {god gift}
  2216 | D        | Identified the +5 halberd of the Bear {drain, *Corrode
                  | rN++} (Okawaru gifted it to you in the Dungeon)
  2289 | D        | Noticed Erolcha
  2299 | D        | Killed Erolcha
  2356 | D        | Got the +7 hunting sling "Ugraitea" {venom, rElec rF- rC+
                  | Str+7}
  2479 | D        | Noticed a skeletal warrior
  2496 | D        | Reached XP level 13. HP: 112/112 MP: 23/23
  2505 | D        | Noticed an ettin
  2515 | D        | Noticed an ettin
  2520 | D        | Killed an ettin
  2520 | D        | Reached skill level 17 in Polearms
  2526 | D        | Killed an ettin
  2526 | D        | Reached skill level 15 in Shields
  2551 | D        | Received a gift from Okawaru
  2887 | D        | Noticed a nagaraja
  2887 | D        | Noticed a naga warrior
  2906 | D        | Noticed an anaconda
  2913 | D        | Killed a nagaraja
  2940 | D        | Killed a naga warrior
  2940 | D        | Reached skill level 18 in Polearms
  2940 | D        | Reached skill level 15 in Invocations
  2947 | D        | Killed an anaconda
  2960 | D        | Killed from afar by a shock serpent

Vault maps used:
D:        linesprint

Skill      XL: |  1  2  3  4  5  6  7  8  9 10 11 12 13 |
---------------+----------------------------------------+-----
Dodging        | 1 2 3 4 6 7 9 10 11 12 | 12.5
Shields        | 4 5 6 7 9 10 12 13 14 15 | 15.0
Fighting       | 4 5 6 8 9 10 11 12 13 14 | 14.9
Polearms       | 4 5 6 7 9 10 11 13 15 16 18 | 18.1
Armour         | 4 5 6 8 9 11 12 13 14 | 14.8
Invocations    | 3 4 6 7 9 10 12 13 15 | 15.1

Action                   |  1- 3 |  4- 6 |  7- 9 | 10-12 | 13-15 || total
-------------------------+-------+-------+-------+-------+-------++-------
Melee: Trident           |    36 |     7 |       |       |       ||    43
       Halberd           |       |    35 |    49 |   435 |   123 ||   642
Invok: Heroism           |       |       |     1 |     2 |     1 ||     4
  Use: Potion            |       |       |     3 |     2 |     3 ||     8
 Stab: Petrified         |       |       |       |    16 |       ||    16
  Eat: Chunk             |       |       |       |     6 |     1 ||     7
Armor: Scale mail        |    12 |     2 |       |       |       ||    14
       Plate armour      |       |     8 |     4 |    65 |       ||    77
       Shadow dragon sca |       |       |       |     4 |    10 ||    14
Dodge: Dodged            |    14 |     8 |    12 |    51 |    21 ||   106
Block: Shield            |    15 |    25 |    15 |    56 |       ||   111
       Large shield      |       |       |       |   105 |    75 ||   180

Table legend:
 A = Non-vault XP
 B = Vault XP
 C = Vault XP percentage of total XP
 D = Non-vault monster count
 E = Vault monster count
 F = Vault count percentage of total count
                 A         B        C        D         E       F
            +---------+---------+-------+---------+---------+-------
      Total |       0 |   40440 | 100.0 |       0 |     115 | 100.0
            +---------+---------+-------+---------+---------+-------
          D |       0 |   40440 | 100.0 |       0 |     115 | 100.0
            +---------+---------+-------+---------+---------+-------
